 Dungeon Crawl Stone Soup version 0.28.0-43-g3370ac3207 (webtiles) character file.

Game seed: 16082977036479410976

4 Pemander the Vexing (level 1, 0/7 HPs)
             Began as a Felid Enchanter on Mar 21, 2022.
             Slain by a kobold
             ... wielding a +0 short sword
              (5 damage)
             ... on level 1 of the Dungeon.
             The game lasted 00:00:26 (342 turns).

Pemander the Vexing (Felid Enchanter)                Turns: 342, Time: 00:00:26

Health: 0/7        AC:  1    Str:  4    XL:     1   Next: 58%
Magic:  4/4        EV: 17    Int: 16    God:
Gold:   0          SH:  0    Dex: 16    Spells: 4/4 levels left
                                        Lives:  0   Deaths: 0

rFire   . . .      SeeInvis +     - Unarmed
rCold   . . .      Faith    .   (shield unavailable)
rNeg    . . .      Spirit   .   (armour unavailable)
rPois   .          Reflect  .   (helmet unavailable)
rElec   .          Harm     .   (cloak unavailable)
rCorr   .          Rampage  .   (gloves unavailable)
Will    .....                   (boots unavailable)
Stlth   +++.......              (no amulet)
HPRegen 0.02/turn               (no ring)
MPRegen 0.09/turn               (no ring)

@: quick
A: very small, claws 1, fangs 3, see invisible, speed 1, shaggy fur 1, stealthy
paws, no weapons or thrown items, no armour, multi-lived
a: no special abilities


You were on level 1 of the Dungeon.
You visited 1 branch of the dungeon, and saw 1 of its levels.

Inventory:

Scrolls
 b - a scroll of blinking {unknown}
 d - a scroll of identify {unknown}
Potions
 a - a potion of invisibility
 c - a potion of curing {unknown}


   Skills:
 - Level 2.6 Dodging
 + Level 4.3 Stealth
 - Level 1.0 Unarmed Combat
 - Level 2.0 Spellcasting
 + Level 4.6 Hexes


You had 4 spell levels left.
You didn't know any spells.
Your spell library contained the following spells:

 Spells                   Type           Power      Damage    Failure   Level
 Confusing Touch          Hex            16%        N/A       10%         3
 Tukima's Dance           Hex            16%        N/A       10%         3
 Ensorcelled Hibernation  Hex/Ice        16%        N/A       12%         2
 Dazzling Flash           Conj/Hex       16%        N/A       24%         3


Dungeon Overview and Level Annotations

Branches:
Dungeon (1/15)

Altars:


Innate Abilities, Weirdness & Mutations

You have sharp claws.
You have razor-sharp teeth.
You have supernaturally acute eyesight. (SInv)
You cover ground quickly. (Speed+)
You are covered in fur. (AC +1)
Your paws help you pounce on unaware monsters.
You are incapable of wielding weapons or throwing items.
You cannot wear armour.
You gain extra lives every three experience levels.


Message History

A hobgoblin comes into view.
Found a leather armour.
A hobgoblin is nearby!
The hobgoblin shouts!
There is an open door here.
You barely miss the hobgoblin. The hobgoblin closely misses you.
You barely miss the hobgoblin. The hobgoblin closely misses you.
You closely miss the hobgoblin. The hobgoblin barely misses you.
You scratch the hobgoblin.
The hobgoblin is severely wounded.
The hobgoblin closely misses you.
You scratch the hobgoblin but do no damage.
The hobgoblin is severely wounded.
The hobgoblin misses you.
You scratch the hobgoblin.
You kill the hobgoblin!
No target in view!
You start waiting.
You open the door.
A goblin, a hobgoblin and a kobold come into view.
There are monsters nearby!
There are monsters nearby!
There is an open door here.
The hobgoblin hits you.
You scratch the hobgoblin.
The hobgoblin is moderately wounded.
The goblin shouts!
The hobgoblin completely misses you.
You scratch the hobgoblin.
The hobgoblin is heavily wounded.
The hobgoblin barely misses you.
You scratch the hobgoblin.
You kill the hobgoblin!
There is an open door here.
There is an open door here.
You closely miss the kobold. The kobold misses you.
You scratch the kobold but do no damage.
The kobold hits you with a +0 short sword.
Ouch! That really hurt!
You die...

#.#######..#######
#.................
#########.######## #.#
#.# #.# #g# #K# ######
#@#
#....#########.##########
#.##....[...............#
#.###########...#######.#
#.# #.....# #.# #.#
##...## #.# ###.#####
##.## #.###### #.......#
#.# #.##...# ####'##.#
#.# #......#


You could see a goblin and a kobold.

Vanquished Creatures
  2 hobgoblins (D:1)
  A quokka (D:1)
  A frilled lizard (D:1)
4 creatures vanquished.

Notes
Turn   | Place    | Note
-------+----------+-------------------------------------------
     0 | D:1      | Pemander the Felid Enchanter began the quest for the Orb.
     0 | D:1      | Reached XP level 1. HP: 7/7 MP: 4/4
   342 | D:1      | Slain by a kobold

Illustrated notes

Levels and vault maps discovered:
D:1:      ncdulo_smallfort, layout_loops_corners, minmay_split_cup_small

Action                   || total
-------------------------++-------
Melee: Unarmed           ||    15
 Stab: Sleeping          ||     1
Dodge: Dodged            ||     9
